 Dungeon Crawl Stone Soup version 0.30-a0-1160-g6e42c06551 (webtiles) character file.

Game seed: 12658971395443900020

1976 amplicon the Fighter (level 9, -5/85 HPs)
             Began as a Minotaur Fighter on Apr 27, 2023.
             Was a Believer of Ashenzari.
             Slain by an orc knight
             ... wielding a +0 halberd
              (22 damage)
             ... in a bailey.
             The game lasted 00:35:10 (6818 turns).

amplicon the Fighter (Minotaur Fighter)             Turns: 6818, Time: 00:35:10

Health: -5/85      AC:  9    Str: 31    XL:     9   Next: 0%
Magic:  8/8        EV: 10    Int:  5    God:    Ashenzari [**....]
Gold:   642        SH:  4    Dex: 10    Spells: 8/8 levels left

rFire   . . .        a - +3 dagger of Curses and Power {venom, Alch, Bglg} (curse)
rCold   + . .        c - +0 buckler of the Gnostic Portent {Alch, Cun} (curse)
rNeg    . . .        p - +1 ring mail {rC+}
rPois   .            (helmet restricted)
rElec   .            w - +0 cloak "Tethered Submission" {Self, Alch} (curse)
rCorr   .            (no gloves)
SInv    +            H - +0 pair of boots
Will    .....        (no amulet) Stlth
                     j - +6 ring of strength
HPRegen 0.34/turn    (no ring)
MPRegen 0.11/turn

%: no passive effects
@: no status effects
A: horns 2, retaliatory headbutt
a: Renounce Religion, Shatter the Chains


You were in a bailey.
You worshipped Ashenzari.
Ashenzari was pleased with you.
You visited 2 branches of the dungeon, and saw 8 of its levels.
You also visited: Ossuary and Bailey.

You collected 642 gold pieces.

Inventory:

Hand Weapons
 a - the cursed +3 dagger of Curses and Power (weapon) {venom, Alch, Bglg}
   (You took it off a kobold on level 1 of the Dungeon)

   It has a curse which improves the following skills: Alchemy: Poison Magic and
   Transmutations.
   Beguiling: Conjurations, Hexes and Translocations.
 e - a +0 war axe
 n - a +2 heavy scythe
 r - a +1 dagger of electrocution
 v - a +2 quarterstaff of chaos
 I - a +1 short sword of venom
 O - a +3 falchion
Missiles
 h - 8 poisoned darts (quivered)
 q - 10 boomerangs
Armour
 b - a +0 scale mail
 c - the cursed +0 buckler of the Gnostic Portent (worn) {Alch, Cun}

   It has a curse which improves the following skills: Alchemy: Poison Magic and
   Transmutations.
   Cunning:   Dodging and Stealth.
 p - a +1 ring mail of cold resistance (worn)
 w - the cursed +0 cloak "Tethered Submission" (worn) {Self, Alch}
   (You took it off Crazy Yiuf on level 3 of the Dungeon)

   It has a curse which improves the following skills: Introspection: Fighting
   and Spellcasting.
   Alchemy:   Poison Magic and Transmutations.
 H - a +0 pair of boots (worn)
 N - +0 steam dragon scales
Jewellery
 j - a +6 ring of strength (left hand)
Wands
 k - a wand of digging (1)
 D - a wand of flame (29)
 F - a wand of paralysis (9)
Scrolls
 f - a scroll of vulnerability
 g - 6 scrolls of identify
 i - 2 scrolls of enchant weapon
 l - a scroll of enchant armour
 o - 2 scrolls of poison
 y - 2 scrolls of magic mapping
 E - a scroll of fear
 J - a scroll of immolation
 K - a scroll of fog
 P - a scroll of teleportation
Potions
 m - a potion of haste
 t - 2 potions of cancellation
 u - 6 potions of curing
 x - 3 potions of attraction
 z - a potion of resistance
 A - a potion of flight
 B - a potion of ambrosia
 C - 2 potions of heal wounds
 G - 2 potions of brilliance
 L - 2 potions of mutation
 M - a potion of degeneration
 Q - 5 potions of magic
 R - 2 potions of invisibility
 S - a potion of experience


   Skills:
 + Level 9.0(10.1) Fighting
 + Level 8.4 Axes
 + Level 6.3 Throwing
 - Level 3.9 Armour
 - Level 3.9 Shields


You had 8 spell levels left.
You didn't know any spells.
Your spell library contained the following spells:

 Spells                   Type           Power      Damage    Failure   Level
 Summon Small Mammal      Summ           0%         N/A       65%         1
 Sublimation of Blood     Necr           0%         N/A       78%         2
 Summon Guardian Golem    Hex/Summ       0%         N/A       94%         3
 Call Canine Familiar     Summ           0%         N/A       95%         3
 Petrify                  Tmut/Erth      0%         N/A       100%        4
 Irradiate                Conj/Tmut      0%         3d11      100%        5


Dungeon Overview and Level Annotations

Branches:
Dungeon (7/15)             Temple (1/1) D:4         Ossuary (visited)
 Bailey (1/1)

Altars:
Ashenzari
Cheibriados
Dithmenos
Elyvilon
Fedhas
Gozag
Hepliaklqana
Kikubaaqudgha
Makhleb
Nemelex Xobeh
Okawaru
Qazlal
Ru
Sif Muna
Trog
Uskayaw
Vehumet
Wu Jian
Xom
Yredelemnul
Zin
The Shining One

Shops:
D:5 ([

Annotations:
D:5 Menkaure


Innate Abilities, Weirdness & Mutations

You have a pair of horns on your head.
You reflexively headbutt those who attack you in melee.


Message History

The orc warrior is heavily wounded.
The orc knight roars a battlecry!
The orc knight goes into a battle-frenzy!
The orc warrior hits you with a +0 halberd.
The orc warrior shouts!
You hit the orc warrior.
The orc warrior looks as sick as possible!
You headbutt the orc warrior!
The orc warrior is almost dead.
You block the orc warrior's attack.
The orc knight hits you from afar with a +0 halberd!
You hit the orc warrior.
You kill the orc warrior!
You block the orc knight's attack.
Your base Fighting skill increases to level 9!
You have reached level 9!
Your experience leads to an increase in your attributes!
Your base attributes are Str 23, Int 5, Dex 10.
Increase (S)trength, (I)ntelligence, or (D)exterity?
You feel stronger. x2
There is an open gate, spattered with blood here.
You hit the orc knight but do no damage.
The orc knight is poisoned.
You block the orc knight's attack.
You hit the orc knight but do no damage.
You headbutt the orc knight, but do no damage.
The orc knight is lightly wounded.
The orc knight hits you from afar with a +0 glaive!!
The orc knight hits you with a +0 halberd.
* * * LOW HITPOINT WARNING * * *
You are too injured to fight recklessly!
You are too injured to fight recklessly!
The orc shouts!
You hit the orc knight but do no damage.
The orc knight looks as sick as possible!
The orc knight is lightly wounded.
The orc knight no longer looks unusually strong.
The orc knight hits you from afar with a +0 glaive!
* * * LOW HITPOINT WARNING * * *
The orc knight hits you with a +0 halberd!!
You die...

* #####* ####### ### ,
.....#########.....## ##.. ,
......#.....#.....).######...
,
(..#.o'.....(().##))#....#...
,,+
..oo..'...o.o..).8.)))...'...
...#..'..oo(@..)##.)#....#...
,
,..o...#.....#.......######...
.....#########.....## ##.)
##### ####### ###


You could see 2 orc knights, an orc warrior (strong) and 2 orcs.

Vanquished Creatures
  Sigmund (D:2)
  Eustachio (D:6)
  A steam dragon (D:6)
  A water moccasin (D:5)
  An ice beast (D:6)
  2 orc warriors (Bailey)
  A centaur (D:5)
  2 phantoms
  2 bullfrogs
  A scorpion (D:4)
  A water moccasin zombie (Ossuary)
  2 jellies
  An orc priest (D:6)
  2 hounds
  Crazy Yiuf (D:3)
  A sleepcap (D:6)
  Terence (D:2)
  An orc wizard (D:5)
  2 iguanas (D:5)
  2 mummies (Ossuary)
  Robin (D:2)
  8 gnolls
  7 adders
  An ufetubus (D:4)
  5 adder zombies (Ossuary)
  2 worms (D:2)
  4 dart slugs
  33 orcs
  7 ball pythons
  10 endoplasms
  2 giant cockroaches (D:1)
  2 gnoll zombies (Ossuary)
  17 goblins
  12 hobgoblins
  3 jackals (D:1)
  3 quokkas
  8 bats
  3 frilled lizards
  6 hobgoblin zombies (Ossuary)
  9 kobolds
  3 kobold zombies (Ossuary)
  4 orc zombies (Ossuary)
  3 rats
180 creatures vanquished.

Notes
Turn   | Place    | Note
-------+----------+-------------------------------------------
     0 | D:1      | amplicon the Minotaur Fighter began the quest for the Orb.
     0 | D:1      | Reached XP level 1. HP: 19/19 MP: 0/0
    84 | D:1      | Reached XP level 2. HP: 22/27 MP: 1/1
   234 | D:1      | Found a faded altar of an unknown god.
   273 | D:1      | Reached skill level 4 in Fighting
   273 | D:1      | Reached XP level 3. HP: 28/33 MP: 2/2
   965 | D:2      | Noticed Robin
   985 | D:2      | Killed Robin
   986 | D:2      | Reached skill level 1 in Throwing
   986 | D:2      | Reached XP level 4. HP: 12/41 MP: 3/3
  1227 | D:2      | Noticed Terence
  1237 | D:2      | Killed Terence
  1500 | D:2      | Reached skill level 5 in Fighting
  1509 | D:2      | Reached XP level 5. HP: 36/48 MP: 4/4
  1760 | D:2      | Noticed Sigmund
  1769 | D:2      | Killed Sigmund
  1770 | D:2      | Reached skill level 5 in Axes
  1770 | D:2      | Reached XP level 6. HP: 13/57 MP: 5/5
  1996 | D:3      | Found a broken altar of Ashenzari.
  2203 | D:3      | Found a sparkling altar of Nemelex Xobeh.
  2247 | D:3      | Reached skill level 6 in Fighting
  2652 | D:3      | Found a runed translucent door.
  2653 | D:3      | Noticed Crazy Yiuf
  2661 | D:3      | Killed Crazy Yiuf
  2847 | D:3      | Became a worshipper of Ashenzari the Shackled
  2999 | D:4      | Reached XP level 7. HP: 64/64 MP: 6/6
  3138 | D:4      | Found a staircase to the Ecumenical Temple.
  3159 | Temple   | Entered the Ecumenical Temple
  3942 | D:5      | Entered Level 5 of the Dungeon
  4277 | D:5      | Reached * piety under Ashenzari
  4282 | D:5      | Found an iron altar of Okawaru.
  4328 | D:5      | Noticed Menkaure
  4373 | D:5      | Found an ornate altar of the Wu Jian Council.
  4402 | D:5      | Found Novouf's Armour Shoppe.
  4426 | D:5      | Reached skill level 7 in Fighting
  4434 | D:5      | Found Deihit's Antique Weapon Shoppe.
  4612 | D:6      | Reached XP level 8. HP: 56/74 MP: 7/7
  4872 | D:6      | Reached skill level 5 in Throwing
  5149 | D:6      | Found a sand-covered staircase.
  5153 | Ossuary  | Entered an ossuary
  5349 | Ossuary  | Reached skill level 8 in Fighting
  5414 | D:6      | Reached ** piety under Ashenzari
  5886 | D:6      | Noticed Eustachio
  5893 | D:6      | Killed Eustachio
  6176 | D:7      | Found a flagged portal.
  6247 | Bailey   | Entered a bailey
  6624 | Bailey   | Noticed an orc knight
  6806 | Bailey   | Noticed an orc knight
  6814 | Bailey   | Reached skill level 9 in Fighting
  6814 | Bailey   | Reached XP level 9. HP: 55/85 MP: 8/8
  6818 | Bailey   | Slain by an orc knight

Illustrated notes

Levels and vault maps discovered:
D:1:      tekkud_arrival_beachfront_property, layout_basic,
          hellmonk_ecumenical_altar_blasted, dreamdust_wishing_well,
          minmay_misc_feat_alley, minmay_misc_feat_enclosed
D:2:      layout_basic, nicolae_figureground_pulse, uniq_terence, uniq_robin,
          uniq_sigmund
D:3:      layout_basic, mainiacjoe_overflow_alcove_1, amcnicky_altar_gilded,
          minmay_strange_pillars, serial_bayou_pond_b, uniq_crazy_yiuf_cottage
D:4:      layout_cave_pods, minmay_temple_entry_tees
D:5:      layout_basic, okawaru_gym_becter, lemuel_crystal_altar, serial_shops,
          shop, shop, uniq_menkaure
D:6:      layout_basic, enter_ossuary_5, uniq_eustachio
D:7:      layout_layer_cave, enter_bailey_4, minmay_misc_feat_ornament,
          uniq_prince_ribbit1
Temple:   dpeg_five_rooms_temple
Bailey:   bailey_polearm_5, bailey

Skill      XL: |  1  2  3  4  5  6  7  8 |
---------------+-------------------------+-----
Fighting       | 4 5 6 7 9 |  9.0
Axes           | 3 4 5 6 8 |  8.4
Throwing       | 1 3 4 6 |  6.3
Armour         | |  3.9
Shields        | |  3.9

Action                     |  1- 3 |  4- 6 |  7- 9 || total
---------------------------+-------+-------+-------++-------
  Melee: War axe           |    21 |       |       ||    21
         Dagger            |    48 |   124 |   252 ||   424
         Headbutt          |    13 |    25 |    56 ||    94
  Throw: Dart              |    10 |     5 |    12 ||    27
 Invoke: Curse Item        |       |       |     3 ||     3
  Evoke: Wand              |       |       |     1 ||     1
    Use: Potion            |     2 |       |     2 ||     4
         Scroll            |       |       |     1 ||     1
   Stab: Paralysed         |       |       |     4 ||     4
 Armour: Scale mail        |    27 |    20 |       ||    47
         Ring mail         |       |    35 |   112 ||   147
  Dodge: Dodged            |    36 |    41 |   154 ||   231
  Block: Buckler           |    12 |    26 |    66 ||   104

Table legend: (Time is in decaauts)
 A = Elapsed time spent in this place.
 B = Non-inter-level travel time spent in this place.
 C = Inter-level travel time spent in this place.
 D = Time resting spent in this place.
 E = Time spent auto-exploring this place.
 F = Levels seen in this place.
 G = Mean time per level.
                   A        B        C        D        E       F      G
               +--------+--------+--------+--------+--------+-----+--------+
         Total |   6836 |   6567 |    269 |   1089 |   3749 |  10 |  683.6 |
       Dungeon |   5763 |   5542 |    221 |    634 |   3549 |   7 |  823.3 |
        Temple |    260 |    212 |     48 |      0 |    200 |   1 |  260.0 |
       Ossuary |    241 |    241 |      0 |     49 |      0 |   1 |  241.0 |
        Bailey |    570 |    570 |      0 |    406 |      0 |   1 |  570.0 |
               +--------+--------+--------+--------+--------+-----+--------+

Top non-repeatable levels by time:
     D:6: 1301 daAuts
     D:2: 1055 daAuts
     D:1: 917 daAuts
     D:3: 898 daAuts
     D:4: 838 daAuts
     D:5: 645 daAuts
  Bailey: 570 daAuts
  Temple: 260 daAuts
 Ossuary: 241 daAuts
     D:7: 107 daAuts
